Map: 카이로스 정션 - 래더

Players

Kas

  • Race: Terran Terran
  • Spawn Location: 11:00

Solar - Winner!

  • Race: Zerg Zerg
  • Spawn Location: 5:00

Event: IEM Season 13: Katowice (2019)

VOD

Have the link to the VOD?

Description

Time

  • Played on: Feb. 26, 2019, 9:30 a.m.
  • Length: 16:08

All games in this series

Show
View Real Time Build Order
Export as new Build Order

Kas Terran 

Build Orders: Gas First Reaper Expand, Hellion Opening 

Get SALT Encoding   

  12  0:00  SCV  
  13  0:13  SCV  
  14  0:17  Supply Depot  
  14  0:26  SCV  
  14  0:28  Refinery  
  15  0:39  SCV  
  16  0:45  Barracks  
  16  0:51  SCV  
  17  1:03  SCV  
  18  1:15  SCV  
  19  1:31  Orbital Command  
  19  1:33  Reaper  
  20  1:43  Command Center  
  20  1:55  Factory  
  20  1:58  SCV  
  21  2:04  Refinery  
  21  2:06  Barracks Reactor  
  21  2:10  SCV  
  22  2:17  Supply Depot  
  22  2:22  SCV  
  23  2:39  SCV  
  23  2:41  Starport  
  24  2:46  Hellion  
  24  2:47  Hellion  
  29  2:51  SCV  
  29  2:54  Marine  
  29  2:57  Orbital Command  
  30  3:03  SCV  
  31  3:15  SCV  
  31  3:19  Fusion Core, Starport Tech Lab  
  32  3:24  SCV  
  33  3:27  SCV  
  33  3:30  Hellion  
  33  3:31  Hellion  
  38  3:35  Supply Depot  
  38  3:36  SCV  
  38  3:39  SCV  
  40  3:48  SCV  
  41  3:51  SCV  
  41  3:52  Hellion x2  
  46  3:58  Supply Depot  
  46  4:00  SCV  
  47  4:04  SCV  
  47  4:09  Battlecruiser  
  54  4:19  SCV  
  54  4:20  Supply Depot  
  54  4:22  Hellion x2  
  59  4:26  SCV  
  60  4:31  SCV  
  60  4:38  SCV  
  62  4:40  Command Center  
  62  4:43  Supply Depot  
  62  4:45  Barracks Tech Lab, SCV  
  63  4:50  SCV  
  64  4:54  Barracks  
  64  4:57  SCV  
  65  5:02  SCV  
  65  5:03  Factory Reactor  
  65  5:04  Stimpack, Marine  
  65  5:05  Barracks  
  67  5:09  SCV  
  67  5:13  Engineering Bay  
  68  5:14  SCV  
  68  5:15  Engineering Bay  
  60  5:24  Starport Reactor, SCV  
  60  5:26  SCV  
  62  5:33  Marine  
  63  5:36  SCV  
  63  5:40  SCV  
  65  5:43  Terran Infantry Armor Level 1, Refinery x2, Terran Infantry Weapons Level 1  
  65  5:45  Marine x2  
  65  5:48  SCV  
  62  5:51  Marine  
  62  5:52  Siege Tank, SCV  
  67  6:02  Orbital Command  
  67  6:03  Marine x2  
  61  6:04  Bunker  
  61  6:05  SCV  
  61  6:06  Bunker  
  61  6:07  SCV  
  61  6:08  Marine x2  
  61  6:09  Marine  
  66  6:13  Barracks  
  66  6:17  SCV  
  67  6:19  Barracks, SCV  
  67  6:20  Marine  
  67  6:21  Marine  
  70  6:26  Siege Tank, Marine  
  70  6:29  SCV  
  70  6:30  Marine x2  
  78  6:35  SCV  
  78  6:36  Supply Depot  
  78  6:37  Orbital Command, Supply Depot  
  78  6:38  Marine x2  
  80  6:43  SCV  
  80  6:44  Marine  
  83  6:47  SCV  
  83  6:48  Marine x2  
  83  6:52  Medivac  
  83  6:53  Armory  
  83  6:54  Medivac  
  89  6:55  SCV  
  89  6:56  Marine x2  
  89  6:59  SCV  
  96  7:01  Siege Tank  
  96  7:02  Marine  
  96  7:03  Barracks Reactor  
  96  7:04  SCV  
  96  7:06  Marine x2  
  96  7:08  Barracks Reactor  
  100  7:09  SCV  
  100  7:14  Marine x2  
  100  7:15  Combat Shield, SCV  
  104  7:18  Factory  
  104  7:20  SCV  
  104  7:21  SCV  
  104  7:22  Refinery  
  106  7:24  Supply Depot  
  106  7:25  Supply Depot  
  106  7:27  SCV, Marine  
  106  7:28  Supply Depot  
  108  7:36  Marine  
  109  7:40  Supply Depot  
  109  7:42  Refinery  
  109  7:45  Siege Tank, SCV, Marine x3  
  109  7:50  Marine x3  
  119  7:51  Marine, Bunker  
  119  7:52  Supply Depot  
  119  7:53  Supply Depot  
  119  7:55  Missile Turret  
  119  7:56  Marine x2  
  122  8:03  Marine  
  122  8:04  Missile Turret  
  120  8:05  Terran Infantry Weapons Level 2  
  120  8:12  Marine  
  109  8:20  Marine x2  
  109  8:22  SCV, Marine x2  
  109  8:26  Marine  
  109  8:27  Marine  
  114  8:28  Siege Tank, Factory Tech Lab  
  114  8:32  Marine  
  118  8:34  Marine x2  
  118  8:37  Marine  
  118  8:39  SCV, Marine  
  118  8:40  Missile Turret, Marine  
  124  8:42  Terran Infantry Armor Level 2, SCV x2  
  124  8:43  Marine  
  124  8:44  Marine  
  128  8:48  Bunker  
  128  8:49  Bunker  
  128  8:51  Marine x2  
  128  8:52  Siege Tank  
  128  8:54  Marine  
  134  8:59  Marauder, Concussive Shells  
  134  9:00  Siege Tank  
  138  9:10  Marine x2  
  138  9:11  Marine x4  
  138  9:16  Marine x2  
  146  9:17  Supply Depot  
  146  9:19  Supply Depot  
  146  9:20  Marine  
  147  9:24  Siege Tank  
  147  9:28  Marine  
  151  9:32  Siege Tank  
  151  9:35  Marine x3  
  157  9:39  Marauder, Marine  
  160  9:47  Terran Vehicle Weapons Level 1, Supply Depot x3  
  160  9:52  Marine  
  161  9:55  Command Center  
  161  9:56  Siege Tank  
  161  9:59  Marine  
  165  10:04  Siege Tank  
  168  10:07  Marine x2  
  168  10:12  Marauder, Marine x3  
  175  10:19  Barracks  
  175  10:21  Barracks  
  175  10:22  Barracks  
  175  10:26  Marine x5  
  177  10:34  Marauder  
  179  10:42  Marine x2  
  178  10:46  Marine x2  
  178  10:47  Siege Tank  
  178  10:49  Marine x3  
  177  10:50  Marine  
  177  10:55  Marauder  
  180  11:00  Marine x2  
  174  11:04  Marine x2  
  174  11:06  Marine  
  174  11:07  Marine x3  
  174  11:11  Marine x2  
  175  11:13  Marine  
  175  11:17  Marauder  
  175  11:18  Marine x2  
  176  11:22  Marine  
  107  11:29  Marine  
  107  11:31  Marine  
  102  11:36  Marine  
  102  11:38  Marauder  
  105  11:53  Marine, Siege Tank x2, Bunker  
  105  11:54  Marine  
  112  11:58  Medivac  
  112  11:59  Marauder  
  117  12:03  Marine x4  
  121  12:14  Planetary Fortress  
  121  12:15  SCV x3, Marine x2  
  124  12:17  Marine x2  
  128  12:24  Marine  
  128  12:25  Sensor Tower, Marine  
  128  12:29  Siege Tank, Supply Depot  
  133  12:44  Siege Tank  
  136  12:47  Marine x3  
  136  12:51  Terran Infantry Weapons Level 3  
  139  12:52  Terran Infantry Armor Level 3  
  139  12:53  Marine x3  
  142  13:00  Barracks Tech Lab  
  142  13:01  Barracks Tech Lab, Barracks Reactor  
  142  13:02  Siege Tank  
  144  13:05  Marine  
  144  13:06  Marauder, Marine x2  
  148  13:13  Marine x5  
  153  13:22  Medivac  
  153  13:23  Marauder, Medivac, Marine x2  
  153  13:24  Marine  
  162  13:27  Marauder  
  162  13:29  Siege Tank  
  162  13:30  Marine  
  162  13:31  Marine x5  
  173  13:41  Marine x3  
  173  13:42  Marine  
  179  13:48  Marauder  
  185  14:04  Marauder  
  185  14:05  Command Center, Marine  
  188  14:10  Marauder, Viking  
  188  14:15  Starport  
  188  14:16  Starport, Ghost Academy  
  182  14:25  Marine x5  
  182  14:26  Marine  
  182  14:30  Marine  
  182  14:31  Marine  
  177  14:41  Marine  
  177  14:42  Viking x2, Marine  
  163  14:54  Ghost x2  
  163  14:55  Ghost, Marine x3  
  163  14:56  Viking x2  
  163  14:58  Siege Tank x2  
  173  15:06  Marine x2  
  174  15:08  Marine  
  174  15:09  Marine  
  174  15:10  Marine x3  
  174  15:12  Viking  
  173  15:15  Fusion Core, Marine  
  173  15:19  Marine  
  166  15:23  Ghost x3  
  166  15:24  Marine  
  173  15:33  Viking x2  
Show
View Real Time Build Order
Export as new Build Order

Solar Zerg - Winner!

Build Orders: Hatch First, Brood Lord Corruptor, Muta Ling Bane 

Get SALT Encoding   

  12  0:01  Drone  
  13  0:12  Overlord  
  13  0:17  Drone  
  14  0:31  Drone x2  
  16  0:49  Hatchery  
  15  0:52  Drone  
  15  0:55  Drone  
  17  0:58  Drone  
  18  1:10  Extractor  
  17  1:14  Spawning Pool  
  17  1:16  Drone  
  17  1:20  Drone  
  18  1:28  Drone  
  19  1:39  Drone  
  20  1:50  Overlord  
  20  2:02  Queen x2  
  20  2:03  Zergling x4  
  26  2:11  Drone  
  26  2:12  Drone  
  28  2:18  Metabolic Boost  
  28  2:29  Hatchery  
  27  2:32  Drone  
  27  2:35  Drone  
  29  2:37  Drone  
  30  2:45  Queen  
  30  2:50  Overlord  
  32  2:53  Drone  
  32  2:55  Drone  
  32  2:57  Drone  
  35  3:00  Drone  
  36  3:11  Drone x4  
  39  3:14  Drone  
  40  3:20  Queen  
  40  3:21  Overlord  
  40  3:24  Drone  
  43  3:33  Overlord  
  43  3:43  Queen, Drone x2  
  43  3:44  Drone x3  
  43  3:45  Zergling x4  
  52  3:49  Overlord  
  52  3:52  Zergling x4  
  52  3:53  Drone  
  55  3:56  Drone  
  55  4:00  Queen  
  55  4:01  Drone  
  59  4:06  Drone, Baneling Nest  
  59  4:08  Zergling x2  
  59  4:09  Zergling x2  
  61  4:14  Drone x3  
  61  4:16  Drone  
  65  4:17  Drone  
  65  4:18  Drone  
  65  4:23  Overlord  
  67  4:26  Lair  
  67  4:30  Roach Warren  
  67  4:31  Extractor  
  67  4:36  Spore Crawler x2  
  64  4:38  Queen  
  64  4:42  Queen  
  64  4:43  Drone  
  64  4:44  Extractor  
  64  4:45  Drone x2  
  70  4:48  Overlord  
  70  4:50  Drone  
  70  4:51  Drone  
  72  4:53  Drone  
  73  5:08  Zergling x6  
  73  5:09  Overlord  
  73  5:10  Roach x3  
  73  5:11  Overlord  
  73  5:12  Overlord  
  82  5:14  Overlord  
  82  5:19  Drone x2  
  80  5:21  Drone  
  80  5:24  Drone  
  80  5:25  Overseer  
  80  5:28  Drone  
  82  5:32  Drone  
  82  5:33  Drone  
  82  5:34  Drone  
  84  5:35  Drone  
  84  5:37  Drone  
  84  5:41  Drone  
  84  5:44  Drone x2  
  84  5:45  Drone x2  
  84  5:46  Spire  
  84  5:47  Drone  
  88  5:50  Drone x2  
  88  5:51  Extractor  
  88  5:57  Drone  
  84  5:59  Drone x3  
  84  6:00  Drone  
  84  6:01  Drone  
  84  6:02  Drone  
  84  6:03  Drone  
  85  6:05  Drone  
  85  6:07  Drone  
  85  6:10  Overlord  
  85  6:11  Extractor  
  86  6:17  Drone x2  
  88  6:20  Extractor  
  88  6:21  Glial Reconstitution  
  88  6:22  Evolution Chamber, Drone  
  87  6:28  Drone x4  
  87  6:29  Drone  
  92  6:33  Drone x3  
  92  6:35  Overlord  
  92  6:37  Overlord  
  92  6:38  Drone  
  96  6:41  Drone  
  96  6:42  Evolution Chamber  
  96  6:44  Roach x2  
  100  6:49  Drone  
  100  6:50  Zerg Missile Weapons Level 1  
  101  6:55  Overlord  
  101  6:58  Mutalisk x4  
  101  7:01  Mutalisk  
  109  7:03  Mutalisk  
  109  7:05  Mutalisk  
  115  7:10  Overlord  
  115  7:15  Zerg Ground Armor Level 1  
  115  7:16  Roach  
  115  7:21  Roach  
  119  7:24  Hatchery  
  119  7:25  Roach x2  
  119  7:28  Overlord  
  122  7:30  Roach x2  
  122  7:34  Roach x2  
  122  7:36  Overlord  
  130  7:38  Overlord  
  130  7:42  Roach x2  
  133  7:46  Roach  
  133  7:47  Roach x2  
  133  7:49  Overlord  
  133  7:51  Roach  
  141  7:52  Ravager x3  
  141  7:56  Ravager  
  141  7:57  Overlord  
  145  7:58  Roach x2  
  145  8:01  Roach  
  145  8:03  Roach  
  155  8:05  Roach  
  155  8:07  Roach  
  155  8:11  Roach  
  159  8:14  Roach x2  
  159  8:15  Roach x2  
  159  8:16  Zergling x2  
  159  8:18  Roach  
  166  8:20  Roach  
  166  8:23  Roach  
  166  8:26  Roach x2  
  174  8:29  Roach x2  
  174  8:30  Ravager  
  179  8:34  Roach x2  
  179  8:37  Roach x2  
  187  8:42  Overlord  
  187  8:44  Roach  
  187  8:46  Ravager x2, Overlord  
  191  8:52  Overlord  
  191  8:55  Ravager  
  192  8:57  Overlord  
  192  9:00  Roach x4  
  200  9:06  Zergling x12  
  200  9:07  Baneling Nest  
  194  9:12  Zerg Ground Armor Level 2  
  194  9:13  Drone x3  
  194  9:14  Drone  
  198  9:19  Drone x2, Zerg Melee Weapons Level 1  
  200  9:30  Extractor  
  199  9:32  Drone  
  199  9:39  Queen, Hatchery  
  199  9:45  Infestation Pit  
  198  9:50  Drone  
  198  9:52  Centrifical Hooks  
  199  10:12  Hatchery  
  199  10:13  Overlord  
  198  10:19  Overlord  
  198  10:24  Hive  
  198  10:26  Baneling x3  
  198  10:27  Baneling x8  
  196  10:29  Drone x3  
  196  10:30  Hatchery  
  196  10:32  Drone  
  196  10:34  Zergling x2  
  196  10:35  Zergling x38  
  194  10:45  Zergling x2  
  194  10:46  Zergling x12  
  194  10:47  Zergling x2  
  194  10:48  Zergling x8  
  195  10:55  Zergling x4  
  195  10:56  Zergling x6  
  195  10:59  Zergling x2  
  195  11:00  Zergling x2  
  195  11:01  Baneling x19  
  195  11:03  Hatchery  
  185  11:04  Zergling x2  
  185  11:05  Zergling x2  
  185  11:06  Baneling  
  185  11:07  Baneling x3  
  185  11:09  Zergling x4  
  187  11:12  Zergling x2  
  187  11:13  Zergling x2  
  184  11:23  Zergling x12  
  184  11:24  Zergling x2  
  151  11:30  Zergling x8  
  138  11:36  Viper x2  
  138  11:39  Greater Spire  
  144  11:40  Zergling x8  
  144  11:44  Ravager  
  144  11:45  Ravager  
  150  11:50  Zerg Melee Weapons Level 2  
  150  11:51  Baneling x2  
  150  11:54  Corruptor  
  150  11:57  Corruptor  
  154  12:03  Corruptor  
  154  12:07  Adrenal Glands  
  155  12:13  Corruptor  
  156  12:22  Extractor  
  155  12:24  Hatchery  
  155  12:27  Corruptor  
  155  12:28  Corruptor  
  157  12:38  Corruptor  
  157  12:41  Zergling x4  
  157  12:42  Zergling x4  
  157  12:43  Drone  
  157  12:44  Drone x4  
  168  12:52  Brood Lord x2  
  168  12:57  Brood Lord  
  174  13:00  Brood Lord  
  174  13:04  Brood Lord  
  177  13:06  Brood Lord  
  177  13:10  Zergling x6  
  182  13:14  Drone x3  
  182  13:15  Extractor  
  184  13:21  Corruptor x2  
  184  13:26  Brood Lord  
  190  13:29  Corruptor  
  192  13:34  Baneling x3  
  192  13:35  Baneling  
  192  13:40  Corruptor  
  193  13:46  Corruptor  
  192  13:50  Corruptor  
  192  13:52  Zergling x4  
  192  13:53  Zergling x8  
  199  13:57  Zergling x2  
  199  14:00  Extractor, Spore Crawler  
  198  14:03  Baneling x11  
  198  14:28  Corruptor x2  
  195  14:32  Zergling x2  
  195  14:33  Zergling x6  
  199  14:52  Zergling x12  
  200  14:54  Zergling x2  
  200  14:55  Zergling x8  
  200  14:57  Zergling x2  
  200  14:59  Baneling x11  
  199  15:09  Zergling x6  
  199  15:11  Zergling x4  
  199  15:12  Zergling x2  
  199  15:13  Zergling x2  
  193  15:15  Zergling x18  
  199  15:27  Baneling x2  
  199  15:28  Baneling x2  
  184  15:45  Zergling x6  
  184  15:46  Zergling x18  
  174  15:50  Zergling x2  
  174  15:51  Zergling x6  

Tags
 
Add a new tag
Caveats
  • Supply blocks, unpowered buildings, or Contaminate may cause inaccurate times.
  • Supply counts are checked every 10 seconds.